 Dungeon Crawl Stone Soup version 0.22.0-5-gf09313c (webtiles) character file.

101 Gorglomux the Chopper (level 5, -8/41 HPs)
             Began as a Formicid Gladiator on Aug 13, 2018.
             Killed by divine providence
             ... invoked by an orc priest
              (17 damage)
             ... on level 3 of the Dungeon.
             The game lasted 00:01:03 (1943 turns).

Gorglomux the Chopper (Formicid Gladiator)          Turns: 1943, Time: 00:01:03

Health: -8/41      AC:  3    Str: 20    XL:     5   Next: 4%
Magic:  5/5        EV: 12    Int:  7    God:
Gold:   69         SH:  0    Dex: 12    Spells: 4/4 levels left

rFire    . . .     SeeInvis +   a - +0 war axe
rCold    . . .     Gourm    .   (no shield)
rNeg     . . .     Faith    .   b - +0 leather armour
rPois    .         Spirit   .   (helmet unavailable)
rElec    .         Reflect  .   (no cloak)
rCorr    .         Harm     .   (no gloves)
MR       .....                  (no boots)
Stlth    +.........             (no amulet)
HPRegen  0.13/turn              (no ring)
MPRegen  0.09/turn              (no ring)

@: no status effects
A: permanent stasis, dig shafts and tunnels, four strong arms, antennae 3
a: Dig, Shaft Self


You were on level 3 of the Dungeon.
You were hungry.

You visited 1 branch of the dungeon, and saw 3 of its levels.

You collected 69 gold pieces.

Inventory:

Hand Weapons
 a - a +0 war axe (weapon)
Missiles
 Z - 3 throwing nets (quivered)
Armour
 b - a +0 leather armour (worn)
Jewellery
 X - a +3 ring of dexterity {unknown}
Scrolls
 P - 2 scrolls of immolation {unknown}
 Q - a scroll of amnesia {unknown}
 T - a scroll of enchant armour {unknown}
 U - a scroll of identify {unknown}
 W - a scroll of magic mapping {unknown}
Potions
 S - a potion of agility {unknown}
 V - a potion of invisibility {unknown}
 Y - 2 potions of heal wounds {unknown}
Comestibles
 d - 8 rations


   Skills:
 + Level 3.5 Fighting
 + Level 3.9 Axes
 - Level 2.0 Throwing
 + Level 2.4 Armour
 - Level 2.6 Dodging


You had 4 spell levels left.
You didn't know any spells.
Your spell library was empty.

Dungeon Overview and Level Annotations

Branches:
Dungeon (3/15)

Altars:
Elyvilon
Fedhas
Kikubaaqudgha
Yredelemnul

Annotations:
D:2 2 transporters, Menkaure


Innate Abilities, Weirdness & Mutations

You cannot be hasted, slowed, berserked, paralysed or teleported.
You can dig through walls and to a lower floor.
Your four strong arms can wield two-handed weapons with a shield.
You have a pair of large antennae on your head. (SInv)


Message History

Unknown command!
Unknown command!
It was a potion of cancellation!
You feel magically purged!
The orc priest begins to cast a cantrip, but forgets the words!!!
The orc priest calls down the wrath of Beogh upon you!
Beogh smites you!!! * * * don't die
* * * You extend your mandibles!
You dig through the rock wall!
Butt are feeling hungry!
The orc priest hits butt with a flail! * * * don't die
* * * The orc priest hits you with a dagger! * * * don't die
* * * Butt retract your mandibles!
You cut the orc priest into ribbons!!!
The orc priest is heavily wounded!
You chop the orc priest into pieces! The orc priest misses you!
The orc priest butts some strange butts to Beogh against you!
Beogh smites you!!! rip

# ... # ... # .#. ..# ##.#.#
..# ##.#.####### ##..#
##.#.......# ....#
##.#.......#######.#.#.#
##.#.......+..ooo......#
##......)..#####@#.#...#
...#.....#.'...###.# .#
...........###.# #.#
...#.⌠.⌠.#.# #.# #.#
...........###.###.#
...#.....#.........#
......_....####....########
...#.....#.#.......'......#
...........#.......######.###


You could see 2 orc priests and an orc.

Vanquished Creatures
  Jessica (D:3)
  A worm (D:2)
  2 dart slugs
  2 leopard geckos (D:1)
  An orc (D:3)
  A giant cockroach (D:1)
  9 goblins
  8 hobgoblins
  13 jackals
  4 bats
  5 frilled lizards
  5 kobolds
  7 rats (D:1)
59 creatures vanquished.

Notes
Turn   | Place    | Note
-------+----------+-------------------------------------------
     0 | D:1      | Gorglomux the Formicid Gladiator began the quest for the Orb.
     0 | D:1      | Reached XP level 1. HP: 16/16 MP: 1/1
    61 | D:1      | Reached XP level 2. HP: 20/23 MP: 2/2
    81 | D:1      | Reached skill level 1 in Armour
   192 | D:1      | Reached XP level 3. HP: 15/28 MP: 3/3
   718 | D:2      | Reached skill level 3 in Fighting
   775 | D:2      | Found a transporter.
   842 | D:2      | Found a blossoming altar of Fedhas.
  1009 | D:2      | Found a transporter.
  1010 | D:2      | Noticed a phantom
  1058 | D:2      | Found a basalt altar of Yredelemnul.
  1058 | D:2      | Found an ancient bone altar of Kikubaaqudgha.
  1059 | D:2      | Noticed Menkaure
  1090 | D:2      | Reached XP level 4. HP: 28/35 MP: 4/4
  1660 | D:3      | Noticed Jessica
  1662 | D:3      | Found a white marble altar of Elyvilon.
  1668 | D:3      | Killed Jessica
  1796 | D:3      | Reached XP level 5. HP: 37/41 MP: 5/5
  1943 | D:3      | Killed from afar by an orc priest

Skill      XL: |  1  2  3  4 |
---------------+-------------+-----
Armour         | 1 2 |  2.4
Fighting       | 3 |  3.5
Axes           | |  3.9
Throwing       | |  2.0
Dodging        | |  2.6

Action                   |  1- 3 |  4- 6 || total
-------------------------+-------+-------++-------
Melee: War axe           |    88 |    53 ||   141
 Abil: Dig               |       |     1 ||     1
  Use: Potion            |       |     1 ||     1
  Eat: Chunk             |     1 |     2 ||     3
Armor: Leather armour    |    31 |    11 ||    42
Dodge: Dodged            |    78 |    51 ||   129
